Workbook

Sheet ЛСР
B2: Локальный сметный расчет (ЛСР) №7
B3: Объект: «Комплексная застройка территории, расположенной в границах улиц: Тобольский тракт - Обход города Тюмени (мкр. Губернаторский). Многоэтажный жилой дом ГП-72.107» Секция 1, 2
B4: Ведомость объемов работ и расхода материалов по работе: Устройство системы канализации и сопутствующим работам (согласно проекту шифр ВК, стадия Р)
A6: № | B6: Наименование | C6: Артикул, марка, производитель | D6: Характеристика | E6: Ед. изм. | F6: Норма расхода | G6: Секция 1 | H6: Секция 2 | I6: Количество | J6: Цена за ед., руб | K6: Сумма, руб | L6: Примечание | M6: Форма закупа материала
A8: 11 | B8: Внутренние инженерные сети
A9: 11.03 | B9: Устройство системы канализации | K9: =SUM($K$174,$K$187,$K$148,$K$126,$K$92,$K$66,$K$10) -> 0
A10: 11.03.01 | B10: Устройство канализации К-1 | K10: =SUM($K$11) -> 0
A11: 11.03.01.00 | B11: Устройство канализации К-1 | K11: =SUM($K$64,$K$62,$K$60,$K$58,$K$54,$K$52,$K$50,$K$48,$K$45,$K$43,$K$40,$K$38,$K$36,$K$34,$K$32,$K$30,$K$28,$K$26,$K$24,$K$22,$K$18,$K$16,$K$14,$K$12) -> 0
B12: Работы: | K12: =SUM($K$13) -> 0
B13: Бурение отверстий до 130 мм | E13: шт | G13: 144 | H13: 308 | I13: =SUM($G$13:$H$13) -> 452 | J13: {=INDEX(Р[Цена за ед., руб],MATCH(1,IF(($B13=Р[Наименование])*($L13=Р[Примечание]),{1},($B13=Р[Наименование])*($L13=Р[Примечание])),0))} -> 0 | K13: =ROUND($I$13*$J$13,2) -> 0
B14: Работы: | K14: =SUM($K$15) -> 0
B15: Бурение отверстий до 80 мм | E15: шт | G15: 60 | H15: 68 | I15: =SUM($G$15:$H$15) -> 128 | J15: {=INDEX(Р[Цена за ед., руб],MATCH(1,IF(($B15=Р[Наименование])*($L15=Р[Примечание]),{1},($B15=Р[Наименование])*($L15=Р[Примечание])),0))} -> 0 | K15: =ROUND($I$15*$J$15,2) -> 0
B16: Работы: | K16: =SUM($K$17) -> 0
B17: Изоляция трубопровода | E17: м | G17: 69 | H17: 135 | I17: =SUM($G$17:$H$17) -> 204 | J17: {=INDEX(Р[Цена за ед., руб],MATCH(1,IF(($B17=Р[Наименование])*($L17=Р[Примечание]),{1},($B17=Р[Наименование])*($L17=Р[Примечание])),0))} -> 0 | K17: =ROUND($I$17*$J$17,2) -> 0
B18: Материалы: | K18: =SUM($K$19:$K$21) -> 0
A19: 1 | B19: Цилиндры фольгированные | C19: Rockwool | D19: 110x30 мм | E19: пог. м | G19: 61 | I19: =SUM($G$19:$H$19) -> 61 | J19: {=INDEX(М[Цена за ед., руб],MATCH(1,IF(($B19=М[Наим.])*($C19=М[Артикул, марка, произв.])*($D19=М[Хар-ка])*($L19=М[Прим.]),{1},($B19=М[Наим.])*($C19=М[Артикул, марка, произв.])*($D19=М[Хар-ка])*($L19=М[Прим.])),0))} -> 0 | K19: =ROUND($I$19*$J$19,2) -> 0 | M19: {=INDEX(М[Форма закупа],MATCH(1,IF(($B19=М[Наим.])*($C19=М[Артикул, марка, произв.])*($D19=М[Хар-ка])*($L19=М[Прим.]),{1},($B19=М[Наим.])*($C19=М[Артикул, марка, произв.])*($D19=М[Хар-ка])*($L19=М[Прим.])),0))} -> 0
A20: 2 | B20: Цилиндры фольгированные | C20: Rockwool | D20: 110x30 мм | E20: пог. м | H20: 127 | I20: =SUM($G$20:$H$20) -> 127 | J20: {=INDEX(М[Цена за ед., руб],MATCH(1,IF(($B20=М[Наим.])*($C20=М[Артикул, марка, произв.])*($D20=М[Хар-ка])*($L20=М[Прим.]),{1},($B20=М[Наим.])*($C20=М[Артикул, марка, произв.])*($D20=М[Хар-ка])*($L20=М[Прим.])),0))} -> 0 | K20: =ROUND($I$20*$J$20,2) -> 0 | L20: включая гильзы | M20: {=INDEX(М[Форма закупа],MATCH(1,IF(($B20=М[Наим.])*($C20=М[Артикул, марка, произв.])*($D20=М[Хар-ка])*($L20=М[Прим.]),{1},($B20=М[Наим.])*($C20=М[Артикул, марка, произв.])*($D20=М[Хар-ка])*($L20=М[Прим.])),0))} -> 0
A21: 3 | B21: Трубная изоляция | C21: K-FLEX | D21: из вспененного полиэтилена 13мм 42х13 | E21: пог. м | G21: 8 | H21: 8 | I21: =SUM($G$21:$H$21) -> 16 | J21: {=INDEX(М[Цена за ед., руб],MATCH(1,IF(($B21=М[Наим.])*($C21=М[Артикул, марка, произв.])*($D21=М[Хар-ка])*($L21=М[Прим.]),{1},($B21=М[Наим.])*($C21=М[Артикул, марка, произв.])*($D21=М[Хар-ка])*($L21=М[Прим.])),0))} -> 0 | K21: =ROUND($I$21*$J$21,2) -> 0 | M21: {=INDEX(М[Форма закупа],MATCH(1,IF(($B21=М[Наим.])*($C21=М[Артикул, марка, произв.])*($D21=М[Хар-ка])*($L21=М[Прим.]),{1},($B21=М[Наим.])*($C21=М[Артикул, марка, произв.])*($D21=М[Хар-ка])*($L21=М[Прим.])),0))} -> 0
B22: Работы: | K22: =SUM($K$23) -> 0
B23: Монтаж защитного кожуха | E23: м2 | G23: 32 | H23: 46 | I23: =SUM($G$23:$H$23) -> 78 | J23: {=INDEX(Р[Цена за ед., руб],MATCH(1,IF(($B23=Р[Наименование])*($L23=Р[Примечание]),{1},($B23=Р[Наименование])*($L23=Р[Примечание])),0))} -> 0 | K23: =ROUND($I$23*$J$23,2) -> 0
B24: Материалы: | K24: =SUM($K$25) -> 0
A25: 1 | B25: Окожушка | D25: оцинк. сталь 0,5мм | E25: м2 | G25: 32 | H25: 46 | I25: =SUM($G$25:$H$25) -> 78 | J25: {=INDEX(М[Цена за ед., руб],MATCH(1,IF(($B25=М[Наим.])*($C25=М[Артикул, марка, произв.])*($D25=М[Хар-ка])*($L25=М[Прим.]),{1},($B25=М[Наим.])*($C25=М[Артикул, марка, произв.])*($D25=М[Хар-ка])*($L25=М[Прим.])),0))} -> 0 | K25: =ROUND($I$25*$J$25,2) -> 0 | L25: гильзы | M25: {=INDEX(М[Форма закупа],MATCH(1,IF(($B25=М[Наим.])*($C25=М[Артикул, марка, произв.])*($D25=М[Хар-ка])*($L25=М[Прим.]),{1},($B25=М[Наим.])*($C25=М[Артикул, марка, произв.])*($D25=М[Хар-ка])*($L25=М[Прим.])),0))} -> 0
B26: Работы: | K26: =SUM($K$27) -> 0
B27: Монтаж клапана (фланцевые, резьбовые) до 32 мм | E27: шт | G27: 1 | H27: 1 | I27: =SUM($G$27:$H$27) -> 2 | J27: {=INDEX(Р[Цена за ед., руб],MATCH(1,IF(($B27=Р[Наименование])*($L27=Р[Примечание]),{1},($B27=Р[Наименование])*($L27=Р[Примечание])),0))} -> 0 | K27: =ROUND($I$27*$J$27,2) -> 0
B28: Материалы: | K28: =SUM($K$29) -> 0
A29: 1 | B29: Клапан обратный | C29: Valtec | D29: 1 1/4 Ду-32 Ру-16бар | E29: шт | G29: 1 | H29: 1 | I29: =SUM($G$29:$H$29) -> 2 | J29: {=INDEX(М[Цена за ед., руб],MATCH(1,IF(($B29=М[Наим.])*($C29=М[Артикул, марка, произв.])*($D29=М[Хар-ка])*($L29=М[Прим.]),{1},($B29=М[Наим.])*($C29=М[Артикул, марка, произв.])*($D29=М[Хар-ка])*($L29=М[Прим.])),0))} -> 0 | K29: =ROUND($I$29*$J$29,2) -> 0 | M29: {=INDEX(М[Форма закупа],MATCH(1,IF(($B29=М[Наим.])*($C29=М[Артикул, марка, произв.])*($D29=М[Хар-ка])*($L29=М[Прим.]),{1},($B29=М[Наим.])*($C29=М[Артикул, марка, произв.])*($D29=М[Хар-ка])*($L29=М[Прим.])),0))} -> 0
B30: Работы: | K30: =SUM($K$31) -> 0
B31: Монтаж клапана канализационного | E31: шт | G31: 4 | H31: 4 | I31: =SUM($G$31:$H$31) -> 8 | J31: {=INDEX(Р[Цена за ед., руб],MATCH(1,IF(($B31=Р[Наименование])*($L31=Р[Примечание]),{1},($B31=Р[Наименование])*($L31=Р[Примечание])),0))} -> 0 | K31: =ROUND($I$31*$J$31,2) -> 0
B32: Материалы: | K32: =SUM($K$33) -> 0
A33: 1 | B33: Клапан канализационный | D33: 110 вакуумный белый | E33: шт | G33: 4 | H33: 4 | I33: =SUM($G$33:$H$33) -> 8 | J33: {=INDEX(М[Цена за ед., руб],MATCH(1,IF(($B33=М[Наим.])*($C33=М[Артикул, марка, произв.])*($D33=М[Хар-ка])*($L33=М[Прим.]),{1},($B33=М[Наим.])*($C33=М[Артикул, марка, произв.])*($D33=М[Хар-ка])*($L33=М[Прим.])),0))} -> 0 | K33: =ROUND($I$33*$J$33,2) -> 0 | M33: {=INDEX(М[Форма закупа],MATCH(1,IF(($B33=М[Наим.])*($C33=М[Артикул, марка, произв.])*($D33=М[Хар-ка])*($L33=М[Прим.]),{1},($B33=М[Наим.])*($C33=М[Артикул, марка, произв.])*($D33=М[Хар-ка])*($L33=М[Прим.])),0))} -> 0
B34: Работы: | K34: =SUM($K$35) -> 0
B35: Монтаж кранов (фланцевые, резьбовые) до 32 мм | E35: шт | G35: 1 | H35: 1 | I35: =SUM($G$35:$H$35) -> 2 | J35: {=INDEX(Р[Цена за ед., руб],MATCH(1,IF(($B35=Р[Наименование])*($L35=Р[Примечание]),{1},($B35=Р[Наименование])*($L35=Р[Примечание])),0))} -> 0 | K35: =ROUND($I$35*$J$35,2) -> 0
B36: Материалы: | K36: =SUM($K$37) -> 0
A37: 1 | B37: Кран шаровой | C37: Valtec | D37: полнопроходной с НГ 1 1/4 | E37: шт | F37: 1 | G37: 1 | H37: 1 | I37: =SUM($G$37:$H$37) -> 2 | J37: {=INDEX(М[Цена за ед., руб],MATCH(1,IF(($B37=М[Наим.])*($C37=М[Артикул, марка, произв.])*($D37=М[Хар-ка])*($L37=М[Прим.]),{1},($B37=М[Наим.])*($C37=М[Артикул, марка, произв.])*($D37=М[Хар-ка])*($L37=М[Прим.])),0))} -> 0 | K37: =ROUND($I$37*$J$37,2) -> 0 | M37: {=INDEX(М[Форма закупа],MATCH(1,IF(($B37=М[Наим.])*($C37=М[Артикул, марка, произв.])*($D37=М[Хар-ка])*($L37=М[Прим.]),{1},($B37=М[Наим.])*($C37=М[Артикул, марка, произв.])*($D37=М[Хар-ка])*($L37=М[Прим.])),0))} -> 0
B38: Работы: | K38: =SUM($K$39) -> 0
B39: Монтаж муфты противопожарной | E39: шт | G39: 268 | H39: 457 | I39: =SUM($G$39:$H$39) -> 725 | J39: {=INDEX(Р[Цена за ед., руб],MATCH(1,IF(($B39=Р[Наименование])*($L39=Р[Примечание]),{1},($B39=Р[Наименование])*($L39=Р[Примечание])),0))} -> 0 | K39: =ROUND($I$39*$J$39,2) -> 0
B40: Материалы: | K40: =SUM($K$41:$K$42) -> 0
A41: 1 | B41: Муфта противопожарная | D41: ПМ-50/60 | E41: шт | G41: 114 | H41: 130 | I41: =SUM($G$41:$H$41) -> 244 | J41: {=INDEX(М[Цена за ед., руб],MATCH(1,IF(($B41=М[Наим.])*($C41=М[Артикул, марка, произв.])*($D41=М[Хар-ка])*($L41=М[Прим.]),{1},($B41=М[Наим.])*($C41=М[Артикул, марка, произв.])*($D41=М[Хар-ка])*($L41=М[Прим.])),0))} -> 0 | K41: =ROUND($I$41*$J$41,2) -> 0 | M41: {=INDEX(М[Форма закупа],MATCH(1,IF(($B41=М[Наим.])*($C41=М[Артикул, марка, произв.])*($D41=М[Хар-ка])*($L41=М[Прим.]),{1},($B41=М[Наим.])*($C41=М[Артикул, марка, произв.])*($D41=М[Хар-ка])*($L41=М[Прим.])),0))} -> 0
A42: 2 | B42: Муфта противопожарная | D42: ПМ-110/60 | E42: шт | G42: 154 | H42: 327 | I42: =SUM($G$42:$H$42) -> 481 | J42: {=INDEX(М[Цена за ед., руб],MATCH(1,IF(($B42=М[Наим.])*($C42=М[Артикул, марка, произв.])*($D42=М[Хар-ка])*($L42=М[Прим.]),{1},($B42=М[Наим.])*($C42=М[Артикул, марка, произв.])*($D42=М[Хар-ка])*($L42=М[Прим.])),0))} -> 0 | K42: =ROUND($I$42*$J$42,2) -> 0 | M42: {=INDEX(М[Форма закупа],MATCH(1,IF(($B42=М[Наим.])*($C42=М[Артикул, марка, произв.])*($D42=М[Хар-ка])*($L42=М[Прим.]),{1},($B42=М[Наим.])*($C42=М[Артикул, марка, произв.])*($D42=М[Хар-ка])*($L42=М[Прим.])),0))} -> 0
B43: Работы: | K43: =SUM($K$44) -> 0
B44: Монтаж ревизии | E44: шт | G44: 73 | H44: 145 | I44: =SUM($G$44:$H$44) -> 218 | J44: {=INDEX(Р[Цена за ед., руб],MATCH(1,IF(($B44=Р[Наименование])*($L44=Р[Примечание]),{1},($B44=Р[Наименование])*($L44=Р[Примечание])),0))} -> 0 | K44: =ROUND($I$44*$J$44,2) -> 0
B45: Материалы: | K45: =SUM($K$46:$K$47) -> 0
A46: 1 | B46: Ревизия канализационная | D46: полипропиленовая Ду-50 бесшумная | E46: шт | G46: 2 | H46: 2 | I46: =SUM($G$46:$H$46) -> 4 | J46: {=INDEX(М[Цена за ед., руб],MATCH(1,IF(($B46=М[Наим.])*($C46=М[Артикул, марка, произв.])*($D46=М[Хар-ка])*($L46=М[Прим.]),{1},($B46=М[Наим.])*($C46=М[Артикул, марка, произв.])*($D46=М[Хар-ка])*($L46=М[Прим.])),0))} -> 0 | K46: =ROUND($I$46*$J$46,2) -> 0 | M46: {=INDEX(М[Форма закупа],MATCH(1,IF(($B46=М[Наим.])*($C46=М[Артикул, марка, произв.])*($D46=М[Хар-ка])*($L46=М[Прим.]),{1},($B46=М[Наим.])*($C46=М[Артикул, марка, произв.])*($D46=М[Хар-ка])*($L46=М[Прим.])),0))} -> 0
A47: 2 | B47: Ревизия канализационная | D47: полипропиленовая Ду-110 бесшумная | E47: шт | G47: 71 | H47: 143 | I47: =SUM($G$47:$H$47) -> 214 | J47: {=INDEX(М[Цена за ед., руб],MATCH(1,IF(($B47=М[Наим.])*($C47=М[Артикул, марка, произв.])*($D47=М[Хар-ка])*($L47=М[Прим.]),{1},($B47=М[Наим.])*($C47=М[Артикул, марка, произв.])*($D47=М[Хар-ка])*($L47=М[Прим.])),0))} -> 0 | K47: =ROUND($I$47*$J$47,2) -> 0 | M47: {=INDEX(М[Форма закупа],MATCH(1,IF(($B47=М[Наим.])*($C47=М[Артикул, марка, произв.])*($D47=М[Хар-ка])*($L47=М[Прим.]),{1},($B47=М[Наим.])*($C47=М[Артикул, марка, произв.])*($D47=М[Хар-ка])*($L47=М[Прим.])),0))} -> 0
B48: Работы: | K48: =SUM($K$49) -> 0
B49: Монтаж трапа | E49: шт | G49: 56 | H49: 64 | I49: =SUM($G$49:$H$49) -> 120 | J49: {=INDEX(Р[Цена за ед., руб],MATCH(1,IF(($B49=Р[Наименование])*($L49=Р[Примечание]),{1},($B49=Р[Наименование])*($L49=Р[Примечание])),0))} -> 0 | K49: =ROUND($I$49*$J$49,2) -> 0
B50: Материалы: | K50: =SUM($K$51) -> 0
A51: 1 | B51: Трап | D51: с сухим затвором верикальный Ф50 | E51: шт | F51: 1 | G51: 56 | H51: 64 | I51: =SUM($G$51:$H$51) -> 120 | J51: {=INDEX(М[Цена за ед., руб],MATCH(1,IF(($B51=М[Наим.])*($C51=М[Артикул, марка, произв.])*($D51=М[Хар-ка])*($L51=М[Прим.]),{1},($B51=М[Наим.])*($C51=М[Артикул, марка, произв.])*($D51=М[Хар-ка])*($L51=М[Прим.])),0))} -> 0 | K51: =ROUND($I$51*$J$51,2) -> 0 | M51: {=INDEX(М[Форма закупа],MATCH(1,IF(($B51=М[Наим.])*($C51=М[Артикул, марка, произв.])*($D51=М[Хар-ка])*($L51=М[Прим.]),{1},($B51=М[Наим.])*($C51=М[Артикул, марка, произв.])*($D51=М[Хар-ка])*($L51=М[Прим.])),0))} -> 0
B52: Работы: | K52: =SUM($K$53) -> 0
B53: Прокладка трубы канализационной (для внутренних работ) | E53: м | G53: 688 | H53: 1209 | I53: =SUM($G$53:$H$53) -> 1897 | J53: {=INDEX(Р[Цена за ед., руб],MATCH(1,IF(($B53=Р[Наименование])*($L53=Р[Примечание]),{1},($B53=Р[Наименование])*($L53=Р[Примечание])),0))} -> 0 | K53: =ROUND($I$53*$J$53,2) -> 0
B54: Материалы: | K54: =SUM($K$55:$K$57) -> 0
A55: 1 | B55: Труба канализационная (пог.м.) | D55: бесшумная белая D-110х3,4 | E55: пог. м | F55: 1 | G55: 538 | H55: 1059 | I55: =SUM($G$55:$H$55) -> 1597 | J55: {=INDEX(М[Цена за ед., руб],MATCH(1,IF(($B55=М[Наим.])*($C55=М[Артикул, марка, произв.])*($D55=М[Хар-ка])*($L55=М[Прим.]),{1},($B55=М[Наим.])*($C55=М[Артикул, марка, произв.])*($D55=М[Хар-ка])*($L55=М[Прим.])),0))} -> 0 | K55: =ROUND($I$55*$J$55,2) -> 0 | M55: {=INDEX(М[Форма закупа],MATCH(1,IF(($B55=М[Наим.])*($C55=М[Артикул, марка, произв.])*($D55=М[Хар-ка])*($L55=М[Прим.]),{1},($B55=М[Наим.])*($C55=М[Артикул, марка, произв.])*($D55=М[Хар-ка])*($L55=М[Прим.])),0))} -> 0
A56: 2 | B56: Труба канализационная (пог.м.) | D56: бесшумная белая D-50х3,4 | E56: пог. м | F56: 1 | G56: 20 | H56: 20 | I56: =SUM($G$56:$H$56) -> 40 | J56: {=INDEX(М[Цена за ед., руб],MATCH(1,IF(($B56=М[Наим.])*($C56=М[Артикул, марка, произв.])*($D56=М[Хар-ка])*($L56=М[Прим.]),{1},($B56=М[Наим.])*($C56=М[Артикул, марка, произв.])*($D56=М[Хар-ка])*($L56=М[Прим.])),0))} -> 0 | K56: =ROUND($I$56*$J$56,2) -> 0 | M56: {=INDEX(М[Форма закупа],MATCH(1,IF(($B56=М[Наим.])*($C56=М[Артикул, марка, произв.])*($D56=М[Хар-ка])*($L56=М[Прим.]),{1},($B56=М[Наим.])*($C56=М[Артикул, марка, произв.])*($D56=М[Хар-ка])*($L56=М[Прим.])),0))} -> 0
A57: 3 | B57: Труба канализационная (пог.м.) | D57: серая ПП D-50х3,4 | E57: пог. м | G57: 130 | H57: 130 | I57: =SUM($G$57:$H$57) -> 260 | J57: {=INDEX(М[Цена за ед., руб],MATCH(1,IF(($B57=М[Наим.])*($C57=М[Артикул, марка, произв.])*($D57=М[Хар-ка])*($L57=М[Прим.]),{1},($B57=М[Наим.])*($C57=М[Артикул, марка, произв.])*($D57=М[Хар-ка])*($L57=М[Прим.])),0))} -> 0 | K57: =ROUND($I$57*$J$57,2) -> 0 | M57: {=INDEX(М[Форма закупа],MATCH(1,IF(($B57=М[Наим.])*($C57=М[Артикул, марка, произв.])*($D57=М[Хар-ка])*($L57=М[Прим.]),{1},($B57=М[Наим.])*($C57=М[Артикул, марка, произв.])*($D57=М[Хар-ка])*($L57=М[Прим.])),0))} -> 0
B58: Работы: | K58: =SUM($K$59) -> 0
B59: Прокладка трубы ППН | E59: м | G59: 8 | H59: 8 | I59: =SUM($G$59:$H$59) -> 16 | J59: {=INDEX(Р[Цена за ед., руб],MATCH(1,IF(($B59=Р[Наименование])*($L59=Р[Примечание]),{1},($B59=Р[Наименование])*($L59=Р[Примечание])),0))} -> 0 | K59: =ROUND($I$59*$J$59,2) -> 0
B60: Материалы: | K60: =SUM($K$61) -> 0
A61: 1 | B61: Труба полипропиленовая | D61: PPH PN20 DN40х5,4 | E61: пог. м | F61: 1 | G61: 8 | H61: 8 | I61: =SUM($G$61:$H$61) -> 16 | J61: {=INDEX(М[Цена за ед., руб],MATCH(1,IF(($B61=М[Наим.])*($C61=М[Артикул, марка, произв.])*($D61=М[Хар-ка])*($L61=М[Прим.]),{1},($B61=М[Наим.])*($C61=М[Артикул, марка, произв.])*($D61=М[Хар-ка])*($L61=М[Прим.])),0))} -> 0 | K61: =ROUND($I$61*$J$61,2) -> 0 | M61: {=INDEX(М[Форма закупа],MATCH(1,IF(($B61=М[Наим.])*($C61=М[Артикул, марка, произв.])*($D61=М[Хар-ка])*($L61=М[Прим.]),{1},($B61=М[Наим.])*($C61=М[Артикул, марка, произв.])*($D61=М[Хар-ка])*($L61=М[Прим.])),0))} -> 0
B62: Работы: | K62: =SUM($K$63) -> 0
B63: Прокладка трубы ПЭ | E63: м | G63: 25 | H63: 47.5 | I63: =SUM($G$63:$H$63) -> 72.5 | J63: {=INDEX(Р[Цена за ед., руб],MATCH(1,IF(($B63=Р[Наименование])*($L63=Р[Примечание]),{1},($B63=Р[Наименование])*($L63=Р[Примечание])),0))} -> 0 | K63: =ROUND($I$63*$J$63,2) -> 0
B64: Материалы: | K64: =SUM($K$65) -> 0
A65: 1 | B65: Труба полиэтиленовая (пог.м.) | D65: ПЭ-100 SDR17,0 DN110 N-техническая | E65: пог. м | G65: 25 | H65: 47.5 | I65: =SUM($G$65:$H$65) -> 72.5 | J65: {=INDEX(М[Цена за ед., руб],MATCH(1,IF(($B65=М[Наим.])*($C65=М[Артикул, марка, произв.])*($D65=М[Хар-ка])*($L65=М[Прим.]),{1},($B65=М[Наим.])*($C65=М[Артикул, марка, произв.])*($D65=М[Хар-ка])*($L65=М[Прим.])),0))} -> 0 | K65: =ROUND($I$65*$J$65,2) -> 0 | M65: {=INDEX(М[Форма закупа],MATCH(1,IF(($B65=М[Наим.])*($C65=М[Артикул, марка, произв.])*($D65=М[Хар-ка])*($L65=М[Прим.]),{1},($B65=М[Наим.])*($C65=М[Артикул, марка, произв.])*($D65=М[Хар-ка])*($L65=М[Прим.])),0))} -> 0
A66: 11.03.02 | B66: Устройство канализации К-2 | K66: =SUM($K$67) -> 0
A67: 11.03.02.00 | B67: Устройство канализации К-2 | K67: =SUM($K$90,$K$88,$K$85,$K$83,$K$81,$K$79,$K$77,$K$75,$K$72,$K$70,$K$68) -> 0
B68: Работы: | K68: =SUM($K$69) -> 0
B69: Бурение отверстий 130 мм | E69: шт | G69: 42 | H69: 53 | I69: =SUM($G$69:$H$69) -> 95 | J69: {=INDEX(Р[Цена за ед., руб],MATCH(1,IF(($B69=Р[Наименование])*($L69=Р[Примечание]),{1},($B69=Р[Наименование])*($L69=Р[Примечание])),0))} -> 0 | K69: =ROUND($I$69*$J$69,2) -> 0
B70: Работы: | K70: =SUM($K$71) -> 0
B71: Изоляция трубопровода | E71: м | G71: 24 | H71: 26 | I71: =SUM($G$71:$H$71) -> 50 | J71: {=INDEX(Р[Цена за ед., руб],MATCH(1,IF(($B71=Р[Наименование])*($L71=Р[Примечание]),{1},($B71=Р[Наименование])*($L71=Р[Примечание])),0))} -> 0 | K71: =ROUND($I$71*$J$71,2) -> 0
B72: Материалы: | K72: =SUM($K$73:$K$74) -> 0
A73: 1 | B73: Теплоизоляция трубная | D73: 110х13мм вспененный каучук | E73: пог. м | G73: 10 | H73: 10 | I73: =SUM($G$73:$H$73) -> 20 | J73: {=INDEX(М[Цена за ед., руб],MATCH(1,IF(($B73=М[Наим.])*($C73=М[Артикул, марка, произв.])*($D73=М[Хар-ка])*($L73=М[Прим.]),{1},($B73=М[Наим.])*($C73=М[Артикул, марка, произв.])*($D73=М[Хар-ка])*($L73=М[Прим.])),0))} -> 0 | K73: =ROUND($I$73*$J$73,2) -> 0 | M73: {=INDEX(М[Форма закупа],MATCH(1,IF(($B73=М[Наим.])*($C73=М[Артикул, марка, произв.])*($D73=М[Хар-ка])*($L73=М[Прим.]),{1},($B73=М[Наим.])*($C73=М[Артикул, марка, произв.])*($D73=М[Хар-ка])*($L73=М[Прим.])),0))} -> 0
A74: 2 | B74: Теплоизоляция трубная | C74: Rockwool | D74: 110х20мм Навивные цилидры из каменной ваты фольгированные | E74: пог. м | G74: 14 | H74: 16 | I74: =SUM($G$74:$H$74) -> 30 | J74: {=INDEX(М[Цена за ед., руб],MATCH(1,IF(($B74=М[Наим.])*($C74=М[Артикул, марка, произв.])*($D74=М[Хар-ка])*($L74=М[Прим.]),{1},($B74=М[Наим.])*($C74=М[Артикул, марка, произв.])*($D74=М[Хар-ка])*($L74=М[Прим.])),0))} -> 0 | K74: =ROUND($I$74*$J$74,2) -> 0 | L74: гильзы | M74: {=INDEX(М[Форма закупа],MATCH(1,IF(($B74=М[Наим.])*($C74=М[Артикул, марка, произв.])*($D74=М[Хар-ка])*($L74=М[Прим.]),{1},($B74=М[Наим.])*($C74=М[Артикул, марка, произв.])*($D74=М[Хар-ка])*($L74=М[Прим.])),0))} -> 0
B75: Работы: | K75: =SUM($K$76) -> 0
B76: Монтаж защитного кожуха | E76: м2 | G76: 2 | H76: 8 | I76: =SUM($G$76:$H$76) -> 10 | J76: {=INDEX(Р[Цена за ед., руб],MATCH(1,IF(($B76=Р[Наименование])*($L76=Р[Примечание]),{1},($B76=Р[Наименование])*($L76=Р[Примечание])),0))} -> 0 | K76: =ROUND($I$76*$J$76,2) -> 0
B77: Материалы: | K77: =SUM($K$78) -> 0
A78: 1 | B78: Окожушка | D78: оцинк. сталь 0,5мм | E78: м2 | G78: 2 | H78: 8 | I78: =SUM($G$78:$H$78) -> 10 | J78: {=INDEX(М[Цена за ед., руб],MATCH(1,IF(($B78=М[Наим.])*($C78=М[Артикул, марка, произв.])*($D78=М[Хар-ка])*($L78=М[Прим.]),{1},($B78=М[Наим.])*($C78=М[Артикул, марка, произв.])*($D78=М[Хар-ка])*($L78=М[Прим.])),0))} -> 0 | K78: =ROUND($I$78*$J$78,2) -> 0 | L78: гильзы | M78: {=INDEX(М[Форма закупа],MATCH(1,IF(($B78=М[Наим.])*($C78=М[Артикул, марка, произв.])*($D78=М[Хар-ка])*($L78=М[Прим.]),{1},($B78=М[Наим.])*($C78=М[Артикул, марка, произв.])*($D78=М[Хар-ка])*($L78=М[Прим.])),0))} -> 0
B79: Работы: | K79: =SUM($K$80) -> 0
B80: Монтаж муфты противопожарной | E80: шт | G80: 17 | H80: 53 | I80: =SUM($G$80:$H$80) -> 70 | J80: {=INDEX(Р[Цена за ед., руб],MATCH(1,IF(($B80=Р[Наименование])*($L80=Р[Примечание]),{1},($B80=Р[Наименование])*($L80=Р[Примечание])),0))} -> 0 | K80: =ROUND($I$80*$J$80,2) -> 0
B81: Материалы: | K81: =SUM($K$82) -> 0
A82: 1 | B82: Муфта противопожарная | D82: ПМ-110/60 | E82: шт | G82: 17 | H82: 53 | I82: =SUM($G$82:$H$82) -> 70 | J82: {=INDEX(М[Цена за ед., руб],MATCH(1,IF(($B82=М[Наим.])*($C82=М[Артикул, марка, произв.])*($D82=М[Хар-ка])*($L82=М[Прим.]),{1},($B82=М[Наим.])*($C82=М[Артикул, марка, произв.])*($D82=М[Хар-ка])*($L82=М[Прим.])),0))} -> 0 | K82: =ROUND($I$82*$J$82,2) -> 0 | M82: {=INDEX(М[Форма закупа],MATCH(1,IF(($B82=М[Наим.])*($C82=М[Артикул, марка, произв.])*($D82=М[Хар-ка])*($L82=М[Прим.]),{1},($B82=М[Наим.])*($C82=М[Артикул, марка, произв.])*($D82=М[Хар-ка])*($L82=М[Прим.])),0))} -> 0
B83: Работы: | K83: =SUM($K$84) -> 0
B84: Монтаж ревизии | E84: шт | G84: 12 | H84: 12 | I84: =SUM($G$84:$H$84) -> 24 | J84: {=INDEX(Р[Цена за ед., руб],MATCH(1,IF(($B84=Р[Наименование])*($L84=Р[Примечание]),{1},($B84=Р[Наименование])*($L84=Р[Примечание])),0))} -> 0 | K84: =ROUND($I$84*$J$84,2) -> 0
B85: Материалы: | K85: =SUM($K$86:$K$87) -> 0
A86: 1 | B86: Ревизия канализационная | D86: НПВХ Ду-110 | E86: шт | G86: 6 | H86: 6 | I86: =SUM($G$86:$H$86) -> 12 | J86: {=INDEX(М[Цена за ед., руб],MATCH(1,IF(($B86=М[Наим.])*($C86=М[Артикул, марка, произв.])*($D86=М[Хар-ка])*($L86=М[Прим.]),{1},($B86=М[Наим.])*($C86=М[Артикул, марка, произв.])*($D86=М[Хар-ка])*($L86=М[Прим.])),0))} -> 0 | K86: =ROUND($I$86*$J$86,2) -> 0 | M86: {=INDEX(М[Форма закупа],MATCH(1,IF(($B86=М[Наим.])*($C86=М[Артикул, марка, произв.])*($D86=М[Хар-ка])*($L86=М[Прим.]),{1},($B86=М[Наим.])*($C86=М[Артикул, марка, произв.])*($D86=М[Хар-ка])*($L86=М[Прим.])),0))} -> 0
A87: 2 | B87: Ревизия канализационная | C87: Оstendorf | D87: полипропиленовая Ду-110 бесшумная | E87: шт | G87: 6 | H87: 6 | I87: =SUM($G$87:$H$87) -> 12 | J87: {=INDEX(М[Цена за ед., руб],MATCH(1,IF(($B87=М[Наим.])*($C87=М[Артикул, марка, произв.])*($D87=М[Хар-ка])*($L87=М[Прим.]),{1},($B87=М[Наим.])*($C87=М[Артикул, марка, произв.])*($D87=М[Хар-ка])*($L87=М[Прим.])),0))} -> 0 | K87: =ROUND($I$87*$J$87,2) -> 0 | M87: {=INDEX(М[Форма закупа],MATCH(1,IF(($B87=М[Наим.])*($C87=М[Артикул, марка, произв.])*($D87=М[Хар-ка])*($L87=М[Прим.]),{1},($B87=М[Наим.])*($C87=М[Артикул, марка, произв.])*($D87=М[Хар-ка])*($L87=М[Прим.])),0))} -> 0
B88: Работы: | K88: =SUM($K$89) -> 0
B89: Прокладка трубы НПВХ клеевая | E89: м | G89: 140 | H89: 248 | I89: =SUM($G$89:$H$89) -> 388 | J89: {=INDEX(Р[Цена за ед., руб],MATCH(1,IF(($B89=Р[Наименование])*($L89=Р[Примечание]),{1},($B89=Р[Наименование])*($L89=Р[Примечание])),0))} -> 0 | K89: =ROUND($I$89*$J$89,2) -> 0
B90: Материалы: | K90: =SUM($K$91) -> 0
A91: 1 | B91: Труба НПВХ | C91: Aquaviva, либо аналог | D91: клеевая Ф110х4,2 PN10 L=3m | E91: пог. м | G91: 140 | H91: 248 | I91: =SUM($G$91:$H$91) -> 388 | J91: {=INDEX(М[Цена за ед., руб],MATCH(1,IF(($B91=М[Наим.])*($C91=М[Артикул, марка, произв.])*($D91=М[Хар-ка])*($L91=М[Прим.]),{1},($B91=М[Наим.])*($C91=М[Артикул, марка, произв.])*($D91=М[Хар-ка])*($L91=М[Прим.])),0))} -> 0 | K91: =ROUND($I$91*$J$91,2) -> 0 | M91: {=INDEX(М[Форма закупа],MATCH(1,IF(($B91=М[Наим.])*($C91=М[Артикул, марка, произв.])*($D91=М[Хар-ка])*($L91=М[Прим.]),{1},($B91=М[Наим.])*($C91=М[Артикул, марка, произв.])*($D91=М[Хар-ка])*($L91=М[Прим.])),0))} -> 0
A92: 11.03.03 | B92: Устройство канализации Т-8 | K92: =SUM($K$93) -> 0
A93: 11.03.03.00 | B93: Устройство канализации Т-8 | K93: =SUM($K$124,$K$122,$K$119,$K$117,$K$115,$K$113,$K$111,$K$109,$K$107,$K$105,$K$103,$K$98,$K$96,$K$94) -> 0
B94: Работы: | K94: =SUM($K$95) -> 0
B95: Бурение отверстий до 60мм | E95: шт | G95: 70 | H95: 160 | I95: =SUM($G$95:$H$95) -> 230 | J95: {=INDEX(Р[Цена за ед., руб],MATCH(1,IF(($B95=Р[Наименование])*($L95=Р[Примечание]),{1},($B95=Р[Наименование])*($L95=Р[Примечание])),0))} -> 0 | K95: =ROUND($I$95*$J$95,2) -> 0
B96: Работы: | K96: =SUM($K$97) -> 0
B97: Изоляция трубопровода | E97: м | G97: 1165 | H97: 2499 | I97: =SUM($G$97:$H$97) -> 3664 | J97: {=INDEX(Р[Цена за ед., руб],MATCH(1,IF(($B97=Р[Наименование])*($L97=Р[Примечание]),{1},($B97=Р[Наименование])*($L97=Р[Примечание])),0))} -> 0 | K97: =ROUND($I$97*$J$97,2) -> 0
B98: Материалы: | K98: =SUM($K$99:$K$102) -> 0
A99: 1 | B99: Теплоизоляция трубная | C99: K-FLEX | D99: 22х13мм вспененный полиэтилен | E99: пог. м | G99: 910 | I99: =SUM($G$99:$H$99) -> 910 | J99: {=INDEX(М[Цена за ед., руб],MATCH(1,IF(($B99=М[Наим.])*($C99=М[Артикул, марка, произв.])*($D99=М[Хар-ка])*($L99=М[Прим.]),{1},($B99=М[Наим.])*($C99=М[Артикул, марка, произв.])*($D99=М[Хар-ка])*($L99=М[Прим.])),0))} -> 0 | K99: =ROUND($I$99*$J$99,2) -> 0 | M99: {=INDEX(М[Форма закупа],MATCH(1,IF(($B99=М[Наим.])*($C99=М[Артикул, марка, произв.])*($D99=М[Хар-ка])*($L99=М[Прим.]),{1},($B99=М[Наим.])*($C99=М[Артикул, марка, произв.])*($D99=М[Хар-ка])*($L99=М[Прим.])),0))} -> 0
A100: 2 | B100: Теплоизоляция трубная | C100: K-FLEX | D100: 22х13мм вспененный полиэтилен | E100: пог. м | H100: 1974 | I100: =SUM($G$100:$H$100) -> 1974 | J100: {=INDEX(М[Цена за ед., руб],MATCH(1,IF(($B100=М[Наим.])*($C100=М[Артикул, марка, произв.])*($D100=М[Хар-ка])*($L100=М[Прим.]),{1},($B100=М[Наим.])*($C100=М[Артикул, марка, произв.])*($D100=М[Хар-ка])*($L100=М[Прим.])),0))} -> 0 | K100: =ROUND($I$100*$J$100,2) -> 0 | M100: {=INDEX(М[Форма закупа],MATCH(1,IF(($B100=М[Наим.])*($C100=М[Артикул, марка, произв.])*($D100=М[Хар-ка])*($L100=М[Прим.]),{1},($B100=М[Наим.])*($C100=М[Артикул, марка, произв.])*($D100=М[Хар-ка])*($L100=М[Прим.])),0))} -> 0
A101: 3 | B101: Теплоизоляция трубная | C101: K-FLEX | D101: 42х13мм вспененный полиэтилен | E101: пог. м | F101: 1 | G101: 255 | I101: =SUM($G$101:$H$101) -> 255 | J101: {=INDEX(М[Цена за ед., руб],MATCH(1,IF(($B101=М[Наим.])*($C101=М[Артикул, марка, произв.])*($D101=М[Хар-ка])*($L101=М[Прим.]),{1},($B101=М[Наим.])*($C101=М[Артикул, марка, произв.])*($D101=М[Хар-ка])*($L101=М[Прим.])),0))} -> 0 | K101: =ROUND($I$101*$J$101,2) -> 0 | M101: {=INDEX(М[Форма закупа],MATCH(1,IF(($B101=М[Наим.])*($C101=М[Артикул, марка, произв.])*($D101=М[Хар-ка])*($L101=М[Прим.]),{1},($B101=М[Наим.])*($C101=М[Артикул, марка, произв.])*($D101=М[Хар-ка])*($L101=М[Прим.])),0))} -> 0
A102: 4 | B102: Теплоизоляция трубная | C102: K-FLEX | D102: 42х13мм вспененный полиэтилен | E102: пог. м | F102: 1 | H102: 525 | I102: =SUM($G$102:$H$102) -> 525 | J102: {=INDEX(М[Цена за ед., руб],MATCH(1,IF(($B102=М[Наим.])*($C102=М[Артикул, марка, произв.])*($D102=М[Хар-ка])*($L102=М[Прим.]),{1},($B102=М[Наим.])*($C102=М[Артикул, марка, произв.])*($D102=М[Хар-ка])*($L102=М[Прим.])),0))} -> 0 | K102: =ROUND($I$102*$J$102,2) -> 0 | M102: {=INDEX(М[Форма закупа],MATCH(1,IF(($B102=М[Наим.])*($C102=М[Артикул, марка, произв.])*($D102=М[Хар-ка])*($L102=М[Прим.]),{1},($B102=М[Наим.])*($C102=М[Артикул, марка, произв.])*($D102=М[Хар-ка])*($L102=М[Прим.])),0))} -> 0
B103: Работы: | K103: =SUM($K$104) -> 0
...

Sheet Работы
A1: Сводная ведомость объемов работ
A3: Наименование | B3: Ед. изм. | C3: Количество | D3: Цена за ед., руб | E3: Сумма, руб | F3: Примечание
A4: Бурение отверстий до 130 мм | B4: шт | C4: 454 | E4: =ROUND(Р[[#This Row],[Количество]]*Р[[#This Row],[Цена за ед., руб]],2) -> 0
A5: Бурение отверстий до 80 мм | B5: шт | C5: 128 | E5: =ROUND(Р[[#This Row],[Количество]]*Р[[#This Row],[Цена за ед., руб]],2) -> 0
A6: Изоляция трубопровода | B6: м | C6: 3918 | E6: =ROUND(Р[[#This Row],[Количество]]*Р[[#This Row],[Цена за ед., руб]],2) -> 0
A7: Монтаж защитного кожуха | B7: м2 | C7: 132 | E7: =ROUND(Р[[#This Row],[Количество]]*Р[[#This Row],[Цена за ед., руб]],2) -> 0
A8: Монтаж клапана (фланцевые, резьбовые) до 32 мм | B8: шт | C8: 2 | E8: =ROUND(Р[[#This Row],[Количество]]*Р[[#This Row],[Цена за ед., руб]],2) -> 0
A9: Монтаж клапана канализационного | B9: шт | C9: 23 | E9: =ROUND(Р[[#This Row],[Количество]]*Р[[#This Row],[Цена за ед., руб]],2) -> 0
A10: Монтаж кранов (фланцевые, резьбовые) до 32 мм | B10: шт | C10: 2 | E10: =ROUND(Р[[#This Row],[Количество]]*Р[[#This Row],[Цена за ед., руб]],2) -> 0
A11: Монтаж муфты противопожарной | B11: шт | C11: 1027 | E11: =ROUND(Р[[#This Row],[Количество]]*Р[[#This Row],[Цена за ед., руб]],2) -> 0
A12: Монтаж ревизии | B12: шт | C12: 242 | E12: =ROUND(Р[[#This Row],[Количество]]*Р[[#This Row],[Цена за ед., руб]],2) -> 0
A13: Монтаж трапа | B13: шт | C13: 120 | E13: =ROUND(Р[[#This Row],[Количество]]*Р[[#This Row],[Цена за ед., руб]],2) -> 0
A14: Прокладка трубы канализационной (для внутренних работ) | B14: м | C14: 1911 | E14: =ROUND(Р[[#This Row],[Количество]]*Р[[#This Row],[Цена за ед., руб]],2) -> 0
A15: Прокладка трубы ППН | B15: м | C15: 921 | E15: =ROUND(Р[[#This Row],[Количество]]*Р[[#This Row],[Цена за ед., руб]],2) -> 0
... A29: Прочие работы (навигация) | B29: компл. | C29: 2 | E29: =ROUND(Р[[#This Row],[Количество]]*Р[[#This Row],[Цена за ед., руб]],2) -> 0
A30: Итог | E30: =SUBTOTAL(109,Р[Сумма, руб]) -> 0
D32: Проверка: | E32: =ЛСР!K192-Р[[#Totals],[Сумма, руб]] -> 0

Sheet Материалы
A1: Сводная ведомость объемов материала
A3: Наим. | B3: Артикул, марка, произв. | C3: Хар-ка | D3: Ед. изм. | E3: Количество | F3: Цена за ед., руб | G3: Сумма, руб | H3: Прим. | I3: Форма закупа
A4: Окожушка | C4: оцинк. сталь 0,5мм | D4: м2 | E4: 88 | G4: =ROUND(М[[#This Row],[Количество]]*М[[#This Row],[Цена за ед., руб]],2) -> 0 | H4: гильзы
A5: Окожушка | C5: оцинк. сталь 0,5мм | D5: м2 | E5: 44 | G5: =ROUND(М[[#This Row],[Количество]]*М[[#This Row],[Цена за ед., руб]],2) -> 0
A6: Трап | C6: с сухим затвором верикальный Ф50 | D6: шт | E6: 120 | G6: =ROUND(М[[#This Row],[Количество]]*М[[#This Row],[Цена за ед., руб]],2) -> 0
A7: Цилиндры фольгированные | B7: Rockwool | C7: 110x30 мм | D7: пог. м | E7: 61 | G7: =ROUND(М[[#This Row],[Количество]]*М[[#This Row],[Цена за ед., руб]],2) -> 0
A8: Цилиндры фольгированные | B8: Rockwool | C8: 110x30 мм | D8: пог. м | E8: 127 | G8: =ROUND(М[[#This Row],[Количество]]*М[[#This Row],[Цена за ед., руб]],2) -> 0 | H8: включая гильзы
A9: Трубная изоляция | B9: K-FLEX | C9: из вспененного полиэтилена 13мм 42х13 | D9: пог. м | E9: 16 | G9: =ROUND(М[[#This Row],[Количество]]*М[[#This Row],[Цена за ед., руб]],2) -> 0
A10: Клапан канализационный | C10: Ф50 вакуумный серый | D10: шт | E10: 15 | G10: =ROUND(М[[#This Row],[Количество]]*М[[#This Row],[Цена за ед., руб]],2) -> 0
A11: Клапан канализационный | C11: 110 вакуумный белый | D11: шт | E11: 8 | G11: =ROUND(М[[#This Row],[Количество]]*М[[#This Row],[Цена за ед., руб]],2) -> 0
A12: Труба НПВХ | B12: Aquaviva, либо аналог | C12: клеевая Ф110х4,2 PN10 L=3m | D12: пог. м | E12: 388 | G12: =ROUND(М[[#This Row],[Количество]]*М[[#This Row],[Цена за ед., руб]],2) -> 0
A13: Труба полипропиленовая | C13: PPH PN25 DN25х4,2 арм.стекловолокно | D13: пог. м | E13: 30 | G13: =ROUND(М[[#This Row],[Количество]]*М[[#This Row],[Цена за ед., руб]],2) -> 0
A14: Труба полипропиленовая | C14: PPH PN20 DN40х5,4 | D14: пог. м | E14: 16 | G14: =ROUND(М[[#This Row],[Количество]]*М[[#This Row],[Цена за ед., руб]],2) -> 0
A15: Труба полипропиленовая | C15: PPH PN20 DN40х6,7 арм.стекловолокно | D15: пог. м | E15: 875 | G15: =ROUND(М[[#This Row],[Количество]]*М[[#This Row],[Цена за ед., руб]],2) -> 0
A16: Кран шаровой | B16: Valtec | C16: Ду-32 полнопроходный с НГ | D16: шт | E16: 11 | G16: =ROUND(М[[#This Row],[Количество]]*М[[#This Row],[Цена за ед., руб]],2) -> 0
A17: Кран шаровой | B17: Valtec | C17: полнопроходной с НГ 1 1/4 | D17: шт | E17: 2 | G17: =ROUND(М[[#This Row],[Количество]]*М[[#This Row],[Цена за ед., руб]],2) -> 0
A18: Труба канализационная (пог.м.) | C18: бесшумная белая D-110х3,4 | D18: пог. м | E18: 1601 | G18: =ROUND(М[[#This Row],[Количество]]*М[[#This Row],[Цена за ед., руб]],2) -> 0
A19: Труба канализационная (пог.м.) | C19: бесшумная белая D-50х3,4 | D19: пог. м | E19: 50 | G19: =ROUND(М[[#This Row],[Количество]]*М[[#This Row],[Цена за ед., руб]],2) -> 0
A20: Труба канализационная (пог.м.) | C20: серая ПП D-50х3,4 | D20: пог. м | E20: 260 | G20: =ROUND(М[[#This Row],[Количество]]*М[[#This Row],[Цена за ед., руб]],2) -> 0
A21: Насос дренажный | C21: ГНОМ 7/7 | D21: шт | E21: 11 | G21: =ROUND(М[[#This Row],[Количество]]*М[[#This Row],[Цена за ед., руб]],2) -> 0
A22: Ревизия канализационная | C22: полипропиленовая Ду-50 бесшумная | D22: шт | E22: 4 | G22: =ROUND(М[[#This Row],[Количество]]*М[[#This Row],[Цена за ед., руб]],2) -> 0
A23: Ревизия канализационная | C23: НПВХ Ду-110 | D23: шт | E23: 12 | G23: =ROUND(М[[#This Row],[Количество]]*М[[#This Row],[Цена за ед., руб]],2) -> 0
A24: Ревизия канализационная | C24: полипропиленовая Ду-110 бесшумная | D24: шт | E24: 214 | G24: =ROUND(М[[#This Row],[Количество]]*М[[#This Row],[Цена за ед., руб]],2) -> 0
A25: Ревизия канализационная | B25: Оstendorf | C25: полипропиленовая Ду-110 бесшумная | D25: шт | E25: 12 | G25: =ROUND(М[[#This Row],[Количество]]*М[[#This Row],[Цена за ед., руб]],2) -> 0
A26: Труба сшитый полиэтилен | B26: ONE PLUS | C26: DN-20х2,8 PN-10bar PEXа | D26: пог. м | E26: 2884 | G26: =ROUND(М[[#This Row],[Количество]]*М[[#This Row],[Цена за ед., руб]],2) -> 0
A27: Унитаз | C27: компакт с косым выпуском | D27: шт | E27: 2 | G27: =ROUND(М[[#This Row],[Количество]]*М[[#This Row],[Цена за ед., руб]],2) -> 0
A28: Раковина | C28: с пьедесталом керамика | D28: шт | E28: 2 | G28: =ROUND(М[[#This Row],[Количество]]*М[[#This Row],[Цена за ед., руб]],2) -> 0
A29: Эмаль (кг.) | C29: ПФ-115 | D29: кг | E29: 53 | G29: =ROUND(М[[#This Row],[Количество]]*М[[#This Row],[Цена за ед., руб]],2) -> 0 | H29: Для навигации
A30: Клапан обратный | B30: Valtec | C30: 1 1/4 Ду-32 Ру-16бар | D30: шт | E30: 13 | G30: =ROUND(М[[#This Row],[Количество]]*М[[#This Row],[Цена за ед., руб]],2) -> 0
A31: Труба полиэтиленовая (пог.м.) | C31: ПЭ-100 SDR17,0 DN110 N-техническая | D31: пог. м | E31: 72.5 | G31: =ROUND(М[[#This Row],[Количество]]*М[[#This Row],[Цена за ед., руб]],2) -> 0
A32: Муфта противопожарная | C32: ПМ-50/60 | D32: шт | E32: 244 | G32: =ROUND(М[[#This Row],[Количество]]*М[[#This Row],[Цена за ед., руб]],2) -> 0
A33: Муфта противопожарная | C33: ПМ-40 | D33: шт | E33: 230 | G33: =ROUND(М[[#This Row],[Количество]]*М[[#This Row],[Цена за ед., руб]],2) -> 0
A34: Муфта противопожарная | C34: ПМ-110/60 | D34: шт | E34: 553 | G34: =ROUND(М[[#This Row],[Количество]]*М[[#This Row],[Цена за ед., руб]],2) -> 0
A35: Теплоизоляция трубная | C35: 110х13мм вспененный каучук | D35: пог. м | E35: 20 | G35: =ROUND(М[[#This Row],[Количество]]*М[[#This Row],[Цена за ед., руб]],2) -> 0
A36: Теплоизоляция трубная | B36: Rockwool | C36: 110х20мм Навивные цилидры из каменной ваты фольгированные | D36: пог. м | E36: 30 | G36: =ROUND(М[[#This Row],[Количество]]*М[[#This Row],[Цена за ед., руб]],2) -> 0 | H36: гильзы
A37: Теплоизоляция трубная | B37: K-FLEX | C37: 22х13мм вспененный полиэтилен | D37: пог. м | E37: 2884 | G37: =ROUND(М[[#This Row],[Количество]]*М[[#This Row],[Цена за ед., руб]],2) -> 0
A38: Теплоизоляция трубная | B38: K-FLEX | C38: 42х13мм вспененный полиэтилен | D38: пог. м | E38: 875 | G38: =ROUND(М[[#This Row],[Количество]]*М[[#This Row],[Цена за ед., руб]],2) -> 0
A39: Смеситель | C39: для раковины однорычажный хром | D39: шт | E39: 2 | G39: =ROUND(М[[#This Row],[Количество]]*М[[#This Row],[Цена за ед., руб]],2) -> 0
A40: Смеситель | C40: для ванны и душа двухвентильный хром | D40: шт | E40: 2 | G40: =ROUND(М[[#This Row],[Количество]]*М[[#This Row],[Цена за ед., руб]],2) -> 0
A41: Фасонные изделия и фитинги для ППН трубы | D41: % | G41: =SUMIF(ЛСР!$B$6:$L$190,М[[#This Row],[Наим.]],ЛСР!$K$6:$K$190) -> 0 | H41: для всех разделов, расчитывается от стоимости материалов
A42: Фасонные изделия и фитинги для НПВХ трубы | D42: % | G42: =SUMIF(ЛСР!$B$6:$L$190,М[[#This Row],[Наим.]],ЛСР!$K$6:$K$190) -> 0 | H42: для всех разделов, расчитывается от стоимости материалов
A43: Фасонные изделия и фитинги для ПЭ трубы | D43: % | G43: =SUMIF(ЛСР!$B$6:$L$190,М[[#This Row],[Наим.]],ЛСР!$K$6:$K$190) -> 0 | H43: для всех разделов, расчитывается от стоимости материалов
A44: Фасонные изделия и фитинги для ПЭ (сшитый) трубы | D44: % | G44: =SUMIF(ЛСР!$B$6:$L$190,М[[#This Row],[Наим.]],ЛСР!$K$6:$K$190) -> 0 | H44: для всех разделов, расчитывается от стоимости материалов
A45: Фасонные изделия и фитинги для канализационной трубы | D45: % | G45: =SUMIF(ЛСР!$B$6:$L$190,М[[#This Row],[Наим.]],ЛСР!$K$6:$K$190) -> 0 | H45: для всех разделов, расчитывается от стоимости материалов
A46: Прочие материалы | D46: % | G46: =SUMIF(ЛСР!$B$6:$L$190,М[[#This Row],[Наим.]],ЛСР!$K$6:$K$190) -> 0 | H46: для всех разделов, расчитывается от стоимости материалов
A47: Итог | G47: =SUBTOTAL(109,М[Сумма, руб]) -> 0
F49: Проверка: | G49: =ЛСР!K193-М[[#Totals],[Сумма, руб]] -> 0

Sheet ПараметрыЗагрузки
A1: ЛСР | B1: ЛСРГуид
A2: ГП-72.107.02.11.03 Секция 2_Устройство системы канализации №1 | B2: 799928e5-c15b-11f0-8b59-a036bcbd010b
A3: ГП-72.107.01.11.03 Секция 1_Устройство системы канализации №1 | B3: ce62167a-c151-11f0-8b59-a036bcbd010b
